 Dungeon Crawl Stone Soup version 0.29-a0-340-g6efceafd81 (webtiles) character file.

Game seed: 4194485407157021973

1 spaghetti the Bolt Thrower (level 1, 19/19 HPs)
             Began as a Deep Dwarf Hunter on Apr 19, 2022.
             Quit the game on level 1 of the Dungeon.
             The game lasted 00:00:22 (32 turns).

spaghetti the Bolt Thrower (Deep Dwarf Hunter)        Turns: 32, Time: 00:00:23

Health: 19/19      AC:  3    Str: 14    XL:     1   Next: 16%
Magic:  1/1        EV: 12    Int:  9    God:
Gold:   0          SH:  0    Dex: 16    Spells: 0/0 levels left

rFire   . . .      SeeInvis .   a - +1 hand crossbow {crossbow}
rCold   . . .      Faith    .   (no shield)
rNeg    . . .      Spirit   .   b - +0 leather armour
rPois   .          Reflect  .   (no helmet)
rElec   .          Harm     .   (no cloak)
rCorr   .          Rampage  .   (no gloves)
Will    .....                   (no boots)
Stlth   ++........              (no amulet)
HPRegen 0.00/turn               (no ring)
MPRegen 0.07/turn               (no ring)

@: no status effects
A: damage resistance, heal wounds, sense surroundings 1, no regeneration
a: Heal Wounds


You were on level 1 of the Dungeon.
You visited 1 branch of the dungeon, and saw 1 of its levels.


Innate Abilities, Weirdness & Mutations

You are resistant to damage.
You can heal yourself by infusing magical energy.
You passively map a small area around you.
You do not regenerate.


   Skills:
 - Level 1.7 Fighting
 + Level 4.4 Crossbows
 * Level 2.3 Dodging
 - Level 1.2 Stealth


You couldn't memorise any spells.
You didn't know any spells.
Your spell library was empty.

Inventory:

Hand Weapons
 a - a +1 hand crossbow (weapon) {crossbow}
Missiles
 e - 16 stones {throwing}
Armour
 b - a +0 leather armour (worn)
Scrolls
 c - a scroll of immolation {!r!r}
 d - a scroll of silence {unknown}

Dungeon Overview and Level Annotations

Branches:
Dungeon (1/15)

Altars:

.............. , ^
* .............
.................,
, * ,
*..................
.=........ .......
, ,
..[......,,....B..
........##*.......
, #..B##.#....., ,
#.rg@........,* *
**#...##'''''## , ,
*#...###.......###
#..##...........# ,
#...
#...........#*, #..
######'''####### ,
, * * #$.
K#...........#K# ,
##..8.###.8..### ,
* * *
≈.............≈#


You could see a quokka, 2 giant cockroaches and a hobgoblin.


Message History

Will you prevail where others failed? Will you find the Orb of Zot?
Press ? for a list of commands and other information.
Found a scroll labelled WOKHEA IKKOXE.
Found a staircase leading out of the dungeon.
The kobold shouts!
d - a scroll labelled WOKHEA IKKOXE You open the gate.
There is an open gate here.
e - 16 stones {throwing} You open the huge gate.
An endoplasm comes into view.
There is a huge open gate here.
An endoplasm is nearby!
You shoot a bolt.
The bolt hits the endoplasm but does no damage.
The endoplasm quivers.
You shoot a bolt. The bolt hits the endoplasm.
You kill the endoplasm!
No target in view!
No target in view!
No target in view!
No target in view!
No target in view!
No target in view!
No target in view!
No target in view!
No target in view!
No target in view!
No target in view!
No target in view!
No target in view!
No target in view!
A quokka comes into view.
A quokka is nearby!
A quokka is nearby!
You shoot a bolt.
The bolt hits the quokka but does no damage.
No target in view!
No target in view!
No target in view!
No target in view!
No target in view!
No target in view!
No target in view!
No target in view!
No target in view!
No target in view!
No target in view!
A giant cockroach and a hobgoblin come into view.
There are monsters nearby!
You shoot a bolt. The bolt hits the quokka.
The quokka misses you. The quokka barely misses you.
You shoot a bolt. The bolt barely misses the quokka.
The quokka closely misses you.
You shoot a bolt. The bolt hits the quokka.
The quokka closely misses you.
The quokka twitches its whiskers.
The quokka barely misses you.
You shoot a bolt.
The bolt hits the quokka but does no damage.
The hobgoblin shouts!
The giant cockroach closely misses you. The quokka closely misses you.
You shoot a bolt. The bolt misses the quokka.
The bolt closely misses the hobgoblin.
The giant cockroach barely misses you.
The quokka bites you but does no damage.
The giant cockroach bites you. The quokka barely misses you.
You shoot a bolt. The bolt hits the quokka.
The giant cockroach barely misses you. The quokka closely misses you.
The giant cockroach bites you. The quokka bites you.
You are too injured to fight recklessly!
You are too injured to fight recklessly! 😕 HP[-1]
You take 1 damage, and now have 18/19 hp.
You are too injured to fight recklessly!
You are too injured to fight recklessly!
You are too injured to fight recklessly!
You are too injured to fight recklessly!
You are too injured to fight recklessly!
You are too injured to fight recklessly!
You are too injured to fight recklessly!
You are too injured to fight recklessly!
You are too injured to fight recklessly!
You are too injured to fight recklessly!
You are too injured to fight recklessly!
You are too injured to fight recklessly!
You are too injured to fight recklessly!
You are too injured to fight recklessly!
You are too injured to fight recklessly!
You are too injured to fight recklessly!
You are too injured to fight recklessly!
Unknown command.
The quokka closely misses you.
Activating: Heal Wounds (34% risk of failure)
Press: ? - help, Q - select action, (/) - cycle Dir - look around, f - activate Look: a quokka (severely wounded)
You feel much better. The hobgoblin closely misses you.
The giant cockroach closely misses you.
A giant cockroach comes into view. 😎 HP[+1]
Your hp is fully restored (19).
Are you sure you want to abandon this character and quit the game? (Confirm with "yes".)

Action                   || total
-------------------------++-------
 Fire: Hand crossbow     ||     9
 Abil: Heal Wounds       ||     1
Armor: Leather armour    ||     1
Dodge: Dodged            ||    14

Levels and vault maps discovered:
D:1:      lordsloth_arrival_two_stooges, layout_basic, amcnicky_mini_pool_small

Notes
Turn   | Place    | Note
-------+----------+-------------------------------------------
     0 | D:1      | spaghetti the Deep Dwarf Hunter began the quest for the
                  | Orb.
     0 | D:1      | Reached XP level 1. HP: 19/19 MP: 1/1
     0 | D:1      | magus.rc [v1.9.6]
    32 | D:1      | Quit the game

Vanquished Creatures
  An endoplasm (D:1)
1 creature vanquished.

Table legend:
 A = Non-vault XP
 B = Vault XP
 C = Vault XP percentage of total XP
 D = Non-vault monster count
 E = Vault monster count
 F = Vault count percentage of total count
                 A         B        C        D         E       F
            +---------+---------+-------+---------+---------+-------
      Total |       2 |       0 |   0.0 |       1 |       0 |   0.0
            +---------+---------+-------+---------+---------+-------
        D:1 |       2 |       0 |   0.0 |       1 |       0 |   0.0
            +---------+---------+-------+---------+---------+-------

Illustrated notes

Table legend:
 A = Kills in this place as a percentage of kills in entire the game.
 B = Kills by you in this place as a percentage of kills by you in the entire game.
 C = Kills by friends in this place as a percentage of kills by friends in the entire game.
 D = Other kills in this place as a percentage of other kills in the entire game.
 E = Experience gained in this place as a percentage of experience gained in the entire game.
 F = Experience gained in this place divided by the number of levels of this place that you have seen.
                   A       B       C       D       E      F
               +-------+-------+-------+-------+-------+----------------------
         Total | 100.0 | 100.0 |   N/A |   N/A | 100.0 |   2.0
       Dungeon | 100.0 | 100.0 |   N/A |   N/A | 100.0 |   2.0
               +-------+-------+-------+-------+-------+----------------------

Table legend: (Time is in decaauts)
 A = Elapsed time spent in this place.
 B = Non-inter-level travel time spent in this place.
 C = Inter-level travel time spent in this place.
 D = Time resting spent in this place.
 E = Time spent auto-exploring this place.
 F = Levels seen in this place.
 G = Mean time per level.
                   A        B        C        D        E       F      G
               +--------+--------+--------+--------+--------+-----+--------+
         Total |     34 |     34 |      0 |      0 |     16 |   1 |   34.0 |
       Dungeon |     34 |     34 |      0 |      0 |     16 |   1 |   34.0 |
               +--------+--------+--------+--------+--------+-----+--------+

Top non-repeatable levels by time:
     D:1: 34 daAuts
